 Dungeon Crawl Stone Soup version 0.29.1-4-g47bece8355 (webtiles) character file.

Game seed: 18370525204842275110

102 fantasyman the Grave Robber (level 4, 0/30 HPs)
             Began as a Mummy Necromancer on Dec 3, 2022.
             Slain by an orc
             ... wielding a +0 falchion
              (8 damage)
             ... on level 3 of the Dungeon.
             The game lasted 00:05:00 (2936 turns).

fantasyman the Grave Robber (Mummy Necromancer)     Turns: 2936, Time: 00:05:01

Health: 0/30       AC:  3    Str: 11    XL:     4   Next: 49%
Magic:  4/9        EV: 12    Int: 22    God:
Gold:   108        SH:  0    Dex: 12    Spells: 9/10 levels left

rFire   x . .      SeeInvis .   (no weapon)
rCold   + . .      Faith    .   (no shield)
rNeg    + + +      Spirit   .   a - +0 robe
rPois   ∞          Reflect  .   (no helmet)
rElec   .          Harm     .   (no cloak)
rCorr   .          Rampage  .   (no gloves)
Will    .....                   f - +0 pair of boots
Stlth   ++........              d - amulet of magic regeneration
HPRegen 0.10/turn               c - +6 ring of intelligence
MPRegen 0.51/turn               (no ring)

@: no status effects
A: cold resistance 1, negative energy resistance 3, torment resistance 2, heat
vulnerability 1, in touch with death 1, no potions
a: no special abilities


You were on level 3 of the Dungeon.
You visited 1 branch of the dungeon, and saw 3 of its levels.

You collected 108 gold pieces.

Inventory:

Armour
 a - a +0 robe (worn)
 e - a scarf of harm
 f - a +0 pair of boots (worn)
Jewellery
 c - a +6 ring of intelligence (left hand)
 d - an amulet of magic regeneration (around neck)
Scrolls
 b - 2 scrolls of teleportation
 g - a scroll of immolation {unknown}
 h - a scroll of identify


   Skills:
 * Level 2.0 Dodging
 * Level 1.9 Stealth
 * Level 3.9 Spellcasting
 * Level 5.0 Necromancy


You had 9 spell levels left.
You knew the following spells:

 Your Spells              Type           Power      Damage    Failure   Level
a - Necrotise             Necr           100%       1d9       1%          1

Your spell library contained the following spells:

 Spells                   Type           Power      Damage    Failure   Level
 Vampiric Draining        Necr           40%        2d8       4%          3
 Animate Dead             Necr           40%        N/A       14%         4
 Agony                    Necr           40%        N/A       36%         5


Dungeon Overview and Level Annotations

Branches:
Dungeon (3/15)

Altars:


Innate Abilities, Weirdness & Mutations

You are immune to poison.
Your flesh is cold resistant. (rC+)
You are immune to negative energy. (rN+++)
You are immune to unholy pain and torment.
You are vulnerable to heat. (rF-)
You are in touch with the powers of death.
You do not drink.


Message History

The orc barely misses your goblin skeleton.
Your goblin skeleton hits the orc.
The orc barely misses your goblin skeleton.
Found a stone staircase leading down.
The orc hits your goblin skeleton with a +0 whip.
Your goblin skeleton is destroyed!
The orc hits your orc skeleton with a +0 whip.
Your orc skeleton completely misses the orc.
The orc hits your orc skeleton with a +0 whip!
Your orc skeleton is destroyed!
There are monsters nearby!
You feel a surge of power!
The orc wizard barely resists.
The orc wizard closely misses you.
You feel a surge of power!
The orc wizard writhes in agony.
The orc wizard hits you with a +0 dagger.
You feel a surge of power!
The orc wizard writhes in agony.
The orc wizard hits you with a +0 dagger.
You feel a surge of power!
The orc wizard writhes in agony.
The orc wizard gestures at you while chanting.
You resist with some effort.
You feel a surge of power!
The orc wizard barely resists.
The orc wizard hits you but does no damage.
You feel a surge of power!
The orc wizard barely resists.
The orc wizard casts a spell.
The orc wizard flickers and vanishes!
Deactivating autopickup; reactivate with Ctrl-A.
You feel a surge of power!
The orc writhes in agony.
The orc barely misses you. Something hits you.
You feel a surge of power!
The orc barely resists.
Something hits you.
You feel a surge of power!
The orc writhes in agony!
You kill the orc!
The dead are walking!
You hear some strange, mumbled words.
Something tries to affect you, but you resist.
The orc hits you with a +0 mace.
You feel a surge of power!
The orc writhes in agony.
Something hits you. The orc hits you with a +0 mace.
* * * LOW HITPOINT WARNING * * *
The orc hits you with a +0 falchion!
You die...

... #.# ..>.##
#.# ####.....
#.# #.......
#.# #.##..###
#.# #.##..#.#..
#.####.........
#<##.......#
#.##....o@.#
#..^....o{Z#
####.)....##
#.........
###)##.###
#.##.# .....#
#...... .#.


You could see 2 orcs and a friendly orc skeleton.

Vanquished Creatures
  Natasha (D:2)
  An adder (D:2)
  2 worms (D:2)
  3 dart slugs (D:1)
  2 orcs (D:3)
  6 bats
  6 endoplasms
  4 goblins
  A hobgoblin (D:1)
  4 jackals (D:2)
  4 kobolds
  2 quokkas
  4 ball pythons
  3 frilled lizards
  5 rats
48 creatures vanquished.

Vanquished Creatures (collateral kills)
  A dart slug (D:1)
  A giant cockroach (D:1)
2 creatures vanquished.

Grand Total: 50 creatures vanquished

Notes
Turn   | Place    | Note
-------+----------+-------------------------------------------
     0 | D:1      | fantasyman the Mummy Necromancer began the quest for the
                  | Orb.
     0 | D:1      | Reached XP level 1. HP: 13/13 MP: 4/4
   258 | D:1      | Reached XP level 2. HP: 19/19 MP: 0/5
  1174 | D:1      | Gained mutation: You are in touch with the powers of death.
                  | [Mummy growth]
  1174 | D:1      | Reached XP level 3. HP: 23/24 MP: 5/7
  1367 | D:1      | Found a faded altar of an unknown god.
  2363 | D:2      | Noticed Natasha
  2367 | D:2      | Killed Natasha
  2368 | D:2      | Reached XP level 4. HP: 18/30 MP: 5/9
  2525 | D:2      | Reached skill level 5 in Necromancy
  2936 | D:3      | Slain by an orc

Illustrated notes

Levels and vault maps discovered:
D:1:      lightli_arrival_statuegarden, layout_basic,
          nicolae_ecumenical_lake_church
D:2:      layout_loops_ring, glass_columns_a, minmay_tiny_reverse_x,
          uniq_natasha
D:3:      layout_loops_ring

Skill      XL: |  1  2  3  4 |
---------------+-------------+-----
Spellcasting   | 3 |  3.9
Necromancy     | 5 |  5.0
Dodging        | 2 |  2.0
Stealth        | |  1.9

Action                   |  1- 3 |  4- 6 || total
-------------------------+-------+-------++-------
Melee: Unarmed           |    22 |       ||    22
 Cast: Necrotise         |    61 |    33 ||    94
  Use: Scroll            |     2 |       ||     2
 Stab: Sleeping          |     1 |       ||     1
Armor: Robe              |     8 |     3 ||    11
Dodge: Dodged            |    40 |    11 ||    51
